 Dungeon Crawl Stone Soup version 0.32-a0-981-g384da2ce10 (webtiles) character file.

Game seed: 4927487688914446060

3496 Fodor the Cleaver (level 9, 0/79 HPs)
             Began as a Minotaur Fighter on Apr 20, 2024.
             Was an Initiate of Gozag.
             Succumbed to a gnoll's poison
             ... on level 8 of the Dungeon.
             The game lasted 00:25:41 (6710 turns).

Fodor the Cleaver (Minotaur Fighter)                Turns: 6710, Time: 00:25:42

Health: 0/79       AC: 14    Str: 23    XL:     9   Next: 80%
Magic:  8/8        EV:  9    Int:  7    God:    Gozag
Gold:   722        SH:  0    Dex: 10    Spells: 8/8 levels left

rFire   . . .        E - +1 battleaxe
rCold   . . .        (shield currently unavailable)
rNeg    + + .        i - +0 chain mail
rPois   .            (helmet restricted)
rElec   .            q - +0 cloak
rCorr   .            (no gloves)
SInv    .            B - +1 pair of boots
Will    .....        (no amulet) Stlth
                     f - ring of positive energy
HPRegen 0.33/turn    z - ring of positive energy
MPRegen 0.11/turn

%: no passive effects
@: mighty, lethally poisoned (0 -> -12), gold aura
A: horns 2, retaliatory headbutt
a: Renounce Religion, Potion Petition, Call Merchant, Bribe Branch


You were on level 8 of the Dungeon.
You worshipped Gozag.
Gozag was pleased with you.
You visited 2 branches of the dungeon, and saw 9 of its levels.

You collected 905 gold pieces.
You spent 116 gold pieces at shops.
You paid 67 gold pieces to Gozag.

Inventory:

Hand Weapons
 a - a +1 war axe
 b - a +0 shortbow
 E - a +1 battleaxe (weapon)
Missiles
 k - 6 poisoned darts (quivered)
 u - a throwing net
Armour
 c - a +0 buckler
 i - a +0 chain mail (worn)
 q - a +0 cloak (worn)
 B - a +1 pair of boots (worn)
Jewellery
 f - a ring of positive energy (left hand)
 h - a ring of magical power
 m - a ring of poison resistance
 n - a ring of resist corrosion
 z - a ring of positive energy (right hand)
Talismans
 o - a flux talisman
Wands
 t - a wand of warping (11)
 x - a wand of polymorph (11)
Scrolls
 j - 5 scrolls of identify
 l - 2 scrolls of vulnerability
 p - a scroll of immolation
 y - 2 scrolls of revelation {unknown}
 A - a scroll of noise {unknown}
 C - a scroll of teleportation
 D - a scroll of blinking {unknown}
Potions
 e - a potion of degeneration {unknown}
 g - a potion of ambrosia
 r - a potion of resistance {unknown}
 s - 2 potions of haste {unknown}
 v - 2 potions of mutation {unknown}
 w - 3 potions of curing {unknown}


   Skills:
 + Level 7.2 Fighting
 + Level 10.3 Axes
 + Level 4.5 Throwing
 + Level 8.0 Armour
 + Level 4.5 Dodging
 + Level 1.2 Stealth
 + Level 6.2 Shields
 + Level 0.4 Unarmed Combat


You had 8 spell levels left.
You didn't know any spells.
Your spell library contained the following spells:

 Spells                   Type           Power      Damage    Failure   Level
 Stone Arrow              Conj/Erth      0%         3d7       100%        3
 Animate Armour           Summ/Erth      0%         N/A       100%        4
 Leda's Liquefaction      Alch/Erth      0%         N/A       100%        4
 Lee's Rapid Deconstruct  Erth           0%         3d4*      100%        5
 Permafrost Eruption      Ice/Erth       0%         2x4d1     100%        6
 Seismic Cannonade        Alch/Erth      0%         6d4       100%        7
 Lehudib's Crystal Spear  Conj/Erth      0%         10d2      100%        8


Dungeon Overview and Level Annotations

Branches:
Dungeon (8/15)             Temple (1/1) D:4
   Lair: D:8-11

Altars:
Ashenzari
Cheibriados
Dithmenos
Elyvilon
Fedhas
Gozag
Hepliaklqana
Kikubaaqudgha
Nemelex Xobeh
Okawaru
Sif Muna
Trog
Uskayaw
Vehumet
Wu Jian
Xom
Yredelemnul
Zin
The Shining One

Shops:
D:4 *   D:7 [


Innate Abilities, Weirdness & Mutations

You have a pair of horns on your head.
You reflexively headbutt those who attack you in melee.


Message History

You are more poisoned.
The gnoll barely misses you. The gnoll closely misses you.
You slice the gnoll!!
You kill the gnoll!
You feel very sick. The gnoll hits you but does no damage.
You are more poisoned.
The gnoll hits you but does no damage.
You feel very sick. The gnoll hits you but does no damage.
You are more poisoned.
The gnoll hits you with a +0 spear.
* * * LOW HITPOINT WARNING * * *
Things that are here:
11 gold pieces; a +0 halberd; a +0 whip
* * * LOW HITPOINT WARNING * * *
You feel very sick.
The gnoll hits you from afar with a +2 halberd of venom!
* * * LOW HITPOINT WARNING * * *
The gnoll closely misses you.
You bump into the rock wall.
* * * LOW HITPOINT WARNING * * *
You feel very sick. The gnoll closely misses you. x2
You bump into the rock wall.
* * * LOW HITPOINT WARNING * * *
You feel very sick.
The gnoll hits you from afar with a +2 halberd of venom.
* * * LOW HITPOINT WARNING * * *
You are more poisoned.
The gnoll hits you but does no damage.
Unknown command.
* * * LOW HITPOINT WARNING * * *
You feel very sick.
You feel less invigorated.
You feel less confused.
* * * LOW HITPOINT WARNING * * *
You feel very sick.
You die...
Your body crumbles into a pile of gold.

.....<...# #........
.........# #........
.........#####........
........$......#
...######).....# ...
#......# .. #......#
.. #.....g#########
#######g@......#
#........# #........#
+........# #........#
#........# #........+
#........# ..#+######


You could see 2 gnolls.

Vanquished Creatures
  The ghost of Cobbler the Ruffian, a novice DrSh of Hepliaklqana (D:7)
  The ghost of grrhawk the Skirmisher, a novice CoHs (D:7)
  Sigmund (D:5)
  Eustachio (D:5)
  2 ice beasts (D:6)
  A sky beast (D:7)
  A black bear (D:4)
  An ogre (D:4)
  2 centaurs
  A bullfrog (D:7)
  7 scorpions
  14 killer bees
  A howler monkey (D:4)
  3 bombardier beetles
  2 jellies
  5 hounds
  3 iguanas
  A sleepcap (D:6)
  Ijyb (D:3)
  9 gnolls
  6 adders
  3 shadow imps
  2 dart slugs (D:1)
  A ribbon worm (D:3)
  3 orcs
  10 ball pythons
  5 bats
  7 endoplasms
  7 giant cockroaches
  8 hobgoblins
  3 jackals (D:4)
  7 quokkas
  3 frilled lizards
  9 goblins
  11 kobolds
  3 rats
146 creatures vanquished.

Notes
Turn   | Place    | Note
-------+----------+-------------------------------------------
     0 | D:1      | Fodor the Minotaur Fighter began the quest for the Orb.
     0 | D:1      | Reached XP level 1. HP: 19/19 MP: 0/0
   252 | D:1      | Reached XP level 2. HP: 27/27 MP: 1/1
   411 | D:1      | Reached skill level 3 in Axes
   513 | D:1      | Reached XP level 3. HP: 33/33 MP: 2/2
  1467 | D:3      | Reached XP level 4. HP: 40/40 MP: 3/3
  1685 | D:3      | Found an ornate altar of the Wu Jian Council.
  1687 | D:3      | Noticed Ijyb
  1698 | D:3      | Killed Ijyb
  1699 | D:3      | Reached skill level 4 in Axes
  1699 | D:3      | Reached skill level 1 in Throwing
  1699 | D:3      | Found a shadowy altar of Dithmenos.
  2172 | D:4      | Noticed an ogre
  2177 | D:4      | Reached XP level 5. HP: 41/46 MP: 4/4
  2187 | D:4      | Killed an ogre
  2188 | D:4      | Reached skill level 1 in Dodging
  2198 | D:4      | Reached skill level 5 in Axes
  2258 | D:4      | Found Teschube's Overcharged Wands.
  2262 | D:4      | Noticed a black bear
  2270 | D:4      | Killed a black bear
  2271 | D:4      | Reached XP level 6. HP: 40/53 MP: 5/5
  2540 | D:4      | Found a staircase to the Ecumenical Temple.
  2564 | Temple   | Entered the Ecumenical Temple
  2577 | Temple   | Became a worshipper of Gozag Ym Sagoz the Greedy
  2939 | D:5      | Entered Level 5 of the Dungeon
  2946 | D:5      | Reached skill level 5 in Armour
  2946 | D:5      | Reached XP level 7. HP: 57/60 MP: 6/6
  3148 | D:5      | Reached skill level 6 in Axes
  3298 | D:5      | Reached skill level 5 in Fighting
  3322 | D:5      | Reached skill level 5 in Shields
  3323 | D:5      | Noticed Sigmund
  3569 | D:5      | Killed Sigmund
  3570 | D:5      | Reached skill level 7 in Axes
  3570 | D:5      | Reached XP level 8. HP: 31/69 MP: 7/7
  3886 | D:5      | Noticed Eustachio
  3910 | D:5      | Killed Eustachio
  4194 | D:5      | Found a white marble altar of Elyvilon.
  4461 | D:6      | Reached skill level 1 in Stealth
  4962 | D:6      | Reached skill level 8 in Axes
  5209 | D:7      | Found a runed translucent gate.
  5209 | D:7      | Found a runed translucent gate.
  5212 | D:7      | Found a runed translucent gate.
  5214 | D:7      | Noticed grrhawk's ghost (novice CoHs)
  5214 | D:7      | Noticed Cobbler's ghost (novice DrSh)
  5262 | D:7      | Identified the +2 leather armour of the Great Game {rPois
                  | rN+}
  5305 | D:7      | Found a hide-covered altar of Uskayaw.
  5312 | D:7      | Found a sparkling altar of Nemelex Xobeh.
  5423 | D:7      | Reached XP level 9. HP: 68/77 MP: 8/8
  5757 | D:7      | Reached skill level 9 in Axes
  5923 | D:7      | Found Cejain's Armour Shoppe.
  6133 | D:7      | Bought a +0 chain mail for 58 gold pieces
  6133 | D:7      | Bought a +0 cloak for 58 gold pieces
  6568 | D:7      | Killed grrhawk's ghost
  6583 | D:7      | Killed Cobbler's ghost
  6645 | D:8      | Reached skill level 10 in Axes
  6707 | D:8      | HP: 3/79 [gnoll/+2 halberd of venom[a gnoll sergeant] (5)]
  6708 | D:8      | HP: 1/79 [poisoned by a gnoll]
  6710 | D:8      | Succumbed to a gnoll's poison

Illustrated notes

Levels and vault maps discovered:
D:1:      lemuel_arrival_cross, layout_basic
D:2:      layout_basic, minmay_misc_feat_doors, nrook_campfire,
          minmay_tetromino_o4
D:3:      wad_pebble_path, layout_basic, nicolae_overflow_squiral,
          saegor_snake_ambush, uniq_ijyb
D:4:      layout_basic, minmay_temple_entry_crystal_x,
          nicolae_shop_overcharged_wands
D:5:      layout_rooms, kennysheep_mini, uniq_sigmund, uniq_eustachio
D:6:      lemuel_ice_spiral_2, layout_basic
D:7:      layout_loops_cross, jmf_multi_god_temple, enter_bailey_4,
          serial_shops, nicolae_shop_gibbet_a_chance, gammafunk_ghost_cemetery,
          minmay_misc_feat_secret_circle, uniq_crazy_yiuf_cottage
D:8:      layout_gridville
Temple:   nicolae_temple_superstar

Skill      XL: |  1  2  3  4  5  6  7  8  9 |
---------------+----------------------------+-----
Fighting       | 4 5 6 7 |  7.2
Shields        | 4 5 6 |  6.2
Axes           | 3 4 5 7 8 10 | 10.3
Armour         | 4 5 7 8 |  8.0
Throwing       | 1 2 3 4 |  4.5
Dodging        | 1 2 3 4 |  4.5
Stealth        | 1 |  1.2
Unarmed Combat | |  0.4

Action                     |  1- 3 |  4- 6 |  7- 9 || total
---------------------------+-------+-------+-------++-------
  Melee: War axe           |    94 |    67 |   183 ||   344
         Headbutt          |     9 |    15 |    41 ||    65
         Unarmed           |       |       |     4 ||     4
         Battleaxe         |       |       |    33 ||    33
  Throw: Dart              |    21 |    53 |    13 ||    87
    Use: Scroll            |       |       |     9 ||     9
         Potion            |       |       |     6 ||     6
 Armour: Scale mail        |    91 |    49 |   211 ||   351
         Skin              |       |       |    13 ||    13
         Chain mail        |       |       |    81 ||    81
  Dodge: Dodged            |    37 |    37 |   175 ||   249
  Block: Buckler           |    33 |    17 |    56 ||   106

Table legend: (Time is in decaauts)
 A = Elapsed time spent in this place.
 B = Non-inter-level travel time spent in this place.
 C = Inter-level travel time spent in this place.
 D = Time resting spent in this place.
 E = Time spent auto-exploring this place.
 F = Levels seen in this place.
 G = Mean time per level.
                   A        B        C        D        E       F      G
               +--------+--------+--------+--------+--------+-----+--------+
         Total |   6800 |   6455 |    345 |    235 |   3546 |   9 |  755.6 |
       Dungeon |   6773 |   6428 |    345 |    235 |   3546 |   8 |  846.6 |
        Temple |     26 |     26 |      0 |      0 |      0 |   1 |   26.0 |
               +--------+--------+--------+--------+--------+-----+--------+

Top non-repeatable levels by time:
     D:7: 1484 daAuts
     D:5: 1284 daAuts
     D:6: 910 daAuts
     D:3: 844 daAuts
     D:4: 803 daAuts
     D:1: 732 daAuts
     D:2: 639 daAuts
     D:8: 76 daAuts
  Temple: 26 daAuts
